 Dungeon Crawl Stone Soup version 0.29.1-1-gd02db6906a (webtiles) character file.

Game seed: 757148064763239614

61 Ashen the Chiller (level 3, -2/24 HPs)
             Began as a Demonspawn Ice Elementalist on Oct 21, 2022.
             Slain by a gnoll
             ... wielding a +3 spear
              (8 damage)
             ... on level 2 of the Dungeon.
             The game lasted 00:03:08 (1948 turns).

Ashen the Chiller (Demonspawn Ice Elementalist)     Turns: 1948, Time: 00:03:08

Health: -2/24      AC:  3    Str:  8    XL:     3   Next: 83%
Magic:  6/6        EV: 12    Int: 18    God:
Gold:   77         SH:  0    Dex: 13    Spells: 6/7 levels left

rFire   . . .      SeeInvis .   i - +0 dagger (venom)
rCold   . . .      Faith    .   (no shield)
rNeg    . . .      Spirit   .   a - +0 robe
rPois   .          Reflect  .   (no helmet)
rElec   .          Harm     .   l - +0 cloak
rCorr   .          Rampage  .   (no gloves)
Will    .....                   (no boots)
Stlth   ++........              (no amulet)
HPRegen 0.08/turn               (no ring)
MPRegen 0.10/turn               (no ring)

@: no status effects
A: hooves 1, powered by pain 1
a: no special abilities


You were on level 2 of the Dungeon.
You visited 1 branch of the dungeon, and saw 2 of its levels.

You collected 77 gold pieces.

Inventory:

Hand Weapons
 i - a +0 dagger of venom (weapon)
Armour
 a - a +0 robe (worn)
 l - a +0 cloak (worn)
Magical Staves
 c - a staff of conjuration
Scrolls
 d - a scroll of amnesia {unknown}
 e - a scroll of identify {unknown}
 f - a scroll of teleportation {unknown}
 g - a scroll of summoning {unknown}
 j - a scroll of vulnerability {unknown}
 m - a scroll of enchant weapon {unknown}
Potions
 b - a potion of magic
 h - a potion of heal wounds {unknown}
 k - a potion of attraction {unknown}
 n - a potion of ambrosia {unknown}
 o - 2 potions of haste {unknown}


   Skills:
 + Level 2.4 Dodging
 + Level 2.6 Stealth
 + Level 2.5 Spellcasting
 + Level 4.0 Ice Magic


You had 6 spell levels left.
You knew the following spells:

 Your Spells              Type           Power      Damage    Failure   Level
a - Freeze                Ice            64%        1d8       3%          1

Your spell library contained the following spells:

 Spells                   Type           Power      Damage    Failure   Level
 Frozen Ramparts          Ice            32%        1d5       10%         3
 Ozocubu's Armour         Ice            16%        N/A       10%         3
 Sandblast                Erth           4%         2d4       17%         1
 Passwall                 Tmut/Erth      1%         N/A       26%         2
 Stone Arrow              Conj/Erth      4%         3d7       45%         3
 Hailstorm                Conj/Ice       9%         3d4       58%         4


Dungeon Overview and Level Annotations

Branches:
Dungeon (2/15)

Altars:


Innate Abilities, Weirdness & Mutations

You have large cloven feet.
You sometimes gain a little power by taking damage.


Message History

The adder closely misses you.
You closely miss the adder.
The adder is almost dead.
The adder barely misses you. x2
You closely miss the adder. Your kick misses the adder.
The adder is almost dead.
You kill the adder!
There is a stone staircase leading down here.
The adder hisses angrily.
The adder bites you but does no damage.
You hit the adder but do no damage.
The adder is poisoned.
You kick the adder.
The adder is moderately wounded.
The adder barely misses you. The adder misses you.
You hit the adder.
The adder looks as sick as possible!
The adder is heavily wounded.
The adder closely misses you.
You barely miss the adder.
The adder is almost dead.
The adder misses you.
You miss the adder. Your kick misses the adder.
The adder is almost dead.
The adder bites you.
You hit the adder.
You kill the adder!
Your Ice Magic skill increases to level 4!
You see here an adder corpse.
There is a shaft here.
A gnoll is nearby!
The gnoll shouts!
The gnoll hits you from afar with a +3 spear!
The gnoll hits you with a +3 spear!
You are too injured to fight recklessly!
You hit the gnoll.
The gnoll is poisoned.
You kick the gnoll.
The gnoll is lightly wounded.
The gnoll hits you with a +3 spear.
* * * LOW HITPOINT WARNING * * *
Okay, then.
Okay, then.
The gnoll hits you from afar with a +3 spear!
You die...

##.#.#.### ####.######...##..
#........# ##.......##.....#..
##.#.#.#.#####........##........
#...........##.#.......>.##.....
##.#.#.#.....#.#......##.##.....
#.####..###...#......##.##.....
#......## #..##......##.##.....
######.# ##...#########.##.....
#.# #....@.# #.##.....
#.###.#.##.#######.##.....
#.#.#...##.g...........###
##.###..#######.........#
#..###......####........###
##............# #<.g.....#..
#..............##..........#
#........................##.
#.<............##........##.


You could see a gnoll (very poisoned).

Vanquished Creatures
  A gnoll (D:2)
  2 adders (D:2)
  A dart slug (D:1)
  An endoplasm (D:1)
  4 giant cockroaches
  A goblin (D:1)
  3 hobgoblins
  2 kobolds (D:1)
  2 quokkas
  5 ball pythons
  4 bats
  2 frilled lizards (D:2)
  4 rats
32 creatures vanquished.

Notes
Turn   | Place    | Note
-------+----------+-------------------------------------------
     0 | D:1      | Ashen the Demonspawn Ice Elementalist began the quest for
                  | the Orb.
     0 | D:1      | Reached XP level 1. HP: 13/13 MP: 3/3
   419 | D:1      | Gained mutation: You have large cloven feet. [demonic
                  | ancestry]
   419 | D:1      | Reached XP level 2. HP: 8/19 MP: 1/5
  1232 | D:2      | Gained mutation: You sometimes gain a little power by
                  | taking damage. [demonic ancestry]
  1232 | D:2      | Reached XP level 3. HP: 5/24 MP: 4/6
  1878 | D:2      | Reached skill level 4 in Ice Magic
  1948 | D:2      | Slain by a gnoll

Illustrated notes

Levels and vault maps discovered:
D:1:      matt_arrival_grand_opening, layout_loops_cross
D:2:      layout_rooms, serial_aquarium, aquarium_bridge_square
          [aquarium_subvault_bridge, aquarium_subvault_wall,
          aquarium_subvault_bridge, aquarium_subvault_wall],
          aquarium_bridge_straight [aquarium_subvault_bridge,
          aquarium_subvault_balcony, aquarium_subvault_bridge,
          aquarium_subvault_window], aquarium_window_corner,
          aquarium_window_fake, aquarium_view_2a, aquarium_balcony_1a,
          basic_altar, st_stairs_12, uniq_crazy_yiuf_cottage

Skill      XL: |  1  2  3 |
---------------+----------+-----
Stealth        | 2 |  2.6
Dodging        | 2 |  2.4
Ice Magic      | 4 |  4.0
Spellcasting   | |  2.5

Action                   || total
-------------------------++-------
Melee: Staff             ||    17
       Dagger            ||    32
       Kick              ||     8
 Cast: Freeze            ||    21
 Stab: Sleeping          ||     6
Armor: Robe              ||     9
Dodge: Dodged            ||    65
